 Dungeon Crawl Stone Soup version 0.26-a0-712-ga5a9c9c9d0 (webtiles) character file.

Game seed: 2066823870087097791

1388 kae the Transmogrifier (level 8, -2/94 (96) HPs)
             Began as a Naga Transmuter on Nov 2, 2020.
             Was an Initiate of Cheibriados.
             Slain by Pikel
             ... wielding a +0 whip of electrocution
              (4 damage)
             ... on level 6 of the Dungeon.
             The game lasted 00:06:12 (9379 turns).

kae the Transmogrifier (Naga Transmuter)            Turns: 9379, Time: 00:06:13

HP:   -2/94 (96)    AC:  2    Str: 16    XL:     8   Next: 68%
MP:   9/11          EV: 19    Int: 14    God:    Cheibriados [......]
Gold: 321           SH:  0    Dex: 18    Spells: 7/11 levels left

rFire    . . .     SeeInvis +     - Unarmed
rCold    . . .     Faith    .   (shield currently unavailable)
rNeg     . . .     Spirit   .   (armour currently unavailable)
rPois    x         Reflect  .   (helmet currently unavailable)
rElec    .         Harm     .   (cloak currently unavailable)
rCorr    .         Rampage  .   (gloves currently unavailable)
MR       +....                  (no barding)
Stlth    ..........             (no amulet)
HPRegen  0.25/turn              k - ring of flight
MPRegen  0.12/turn              (no ring)

@: berserking, spider-form, very slow
A: tiny, see invisible, spit poison 1, AC +2
a: Spit Poison, End Transformation, Bend Time, Renounce Religion, Evoke Flight


You were on level 6 of the Dungeon.
You worshipped Cheibriados.
Cheibriados was noncommittal.
You were a venomous arachnid creature.
You visited 2 branches of the dungeon, and saw 7 of its levels.

You collected 321 gold pieces.

Inventory:

Armour
 a - a +1 robe (melded)
Jewellery
 k - a ring of flight (left front leg)
Wands
 c - a wand of random effects (23)
Scrolls
 b - a scroll of amnesia
 g - 5 scrolls of teleportation
 i - 2 scrolls of fog
 j - 2 scrolls of remove curse
 m - a scroll of identify
Potions
 d - 2 potions of stabbing
 e - a potion of flight
 f - a potion of haste
 h - 2 potions of brilliance


   Skills:
 - Level 1.0 Fighting
 - Level 1.5 Dodging
 + Level 6.4 Unarmed Combat
 - Level 2.0 Spellcasting
 * Level 8.5 Transmutations
 - Level 3.0 Poison Magic


You had 7 spell levels left.
You knew the following spells:

 Your Spells              Type           Power        Failure   Level
a - Beastly Appendage     Tmut           ####..       4%          1
b - Spider Form           Tmut/Pois      ###.......   19%         3

Your spell library contained the following spells:

 Spells                   Type           Power        Failure   Level
 Wereblood                Tmut           ####....     5%          2
 Blade Hands              Tmut           ####......   41%         5
 Animate Skeleton         Necr           #.....       45%         1
 Apportation              Tloc           #.....       45%         1
 Corona                   Hex            #......      45%         1
 Summon Small Mammal      Summ           #...         45%         1
 Ice Form                 Ice/Tmut       ##......     61%         4
 Petrify                  Tmut/Erth      ##......     61%         4
 Confusing Touch          Hex            #.......     77%         3
 Gell's Gravitas          Tloc           #.........   77%         3
 Yara's Violent Unravell  Hex/Tmut       ##........   89%         5
 Metabolic Englaciation   Hex/Ice        #.........   100%        5


Dungeon Overview and Level Annotations

Branches:
Dungeon (6/15)             Temple (1/1) D:6

Altars:
Ashenzari
Cheibriados
Dithmenos
Fedhas
Gozag
Hepliaklqana
Kikubaaqudgha
Makhleb
Nemelex Xobeh
Okawaru
Qazlal
Sif Muna
Trog
Uskayaw
Vehumet
Wu Jian
Zin

Annotations:
D:6 Pikel


Innate Abilities, Weirdness & Mutations

You cannot wear boots.
((Your serpentine skin is tough. (AC +2)))
You have supernaturally acute eyesight. (SInv)
((Armour fits poorly on your strangely shaped body.))
((Your system is resistant to poisons. (rPois)))
((You cover ground very slowly.))
You can spit poison.


Message History

Pikel is moderately wounded.
The lemure hits you! The lemure barely misses you.
Pikel hits you with a +0 whip of electrocution!
You closely miss Pikel.
Pikel is heavily wounded.
The lemure misses you. The lemure barely misses you.
Pikel hits you with a +0 whip of electrocution!
* * * LOW HITPOINT WARNING * * *
You are electrocuted!
* * * LOW HITPOINT WARNING * * *
Okay, then.
It was a potion of berserk rage.
A red film seems to cover your vision as you go berserk!
Cheibriados protects you from inadvertent hurry.
You feel mighty!
The lemure closely misses you. x2; Pikel misses you.
You bite Pikel!
Pikel looks as sick as possible!
Pikel is almost dead.
The lemure misses you. The lemure closely misses you.
Pikel hits you with a +0 whip of electrocution.
You die...

#######
......######........###
......................
........# .........
........## #.......
.........# ##......
.........# #...... ##.
.........###....5##.....
.........##.....s55.....
........###.....#K......
.......###.....###......
......####....## ......
#.#######....## ..(.#
#.# ##.....# #.### ..#
#.....## ##
.######....##
....)......#


You could see Pikel (extremely poisoned) and 3 lemures.

Vanquished Creatures
  A water moccasin (D:6)
  A phantom (D:6)
  A necrophage (D:5)
  2 ogres
  3 centaurs
  A lemure (D:6)
  A bullfrog (D:6)
  A scorpion (D:6)
  A quasit (D:6)
  3 orc priests
  2 orc wizards (D:5)
  A bullfrog skeleton (D:5)
  3 iguanas
  Natasha (thrice) (D:3)
  A worker ant (D:5)
  A hound skeleton (D:5)
  8 adders
  A shadow imp (D:5)
  A white imp (D:5)
  An ooze (D:5)
  A worm (D:3)
  A dart slug (D:5)
  2 leopard geckos (D:5)
  10 orcs
  10 bats
  7 giant cockroaches
  5 goblins
  6 hobgoblins
  15 jackals
  A quokka (D:4)
  3 ball pythons
  A ball python skeleton (D:4)
  3 frilled lizards
  8 kobolds
  8 rats
118 creatures vanquished.

Notes
Turn   | Place    | Note
-------+----------+-------------------------------------------
     0 | D:1      | kae the Naga Transmuter began the quest for the Orb.
     0 | D:1      | Reached XP level 1. HP: 18/18 MP: 3/3
    98 | D:1      | Reached XP level 2. HP: 6/25 MP: 3/5
   865 | D:1      | Reached skill level 3 in Transmutations
   965 | D:1      | Reached XP level 3. HP: 25/31 MP: 4/6
   977 | D:1      | Learned a level 3 spell: Spider Form
  1694 | D:2      | Reached skill level 1 in Poison Magic
  1896 | D:2      | HP: 1/31 [poisoned by an adder]
  2077 | D:2      | Reached XP level 4. HP: 24/38 MP: 5/7
  2232 | D:2      | Found a burning altar of Makhleb.
  2687 | D:2      | Found an iron altar of Okawaru.
  2777 | D:3      | Noticed Natasha
  2782 | D:3      | Killed Natasha
  3103 | D:3      | Reached XP level 5. HP: 39/44 MP: 8/8
  3377 | D:3      | Reached skill level 4 in Transmutations
  3828 | D:3      | Noticed Natasha
  3836 | D:3      | Killed Natasha
  4237 | D:3      | Noticed Natasha
  4249 | D:3      | Killed Natasha
  4249 | D:3      | Reached XP level 6. HP: 13/51 MP: 6/9
  4880 | D:4      | Reached skill level 5 in Transmutations
  4919 | D:4      | Found a radiant altar of Vehumet.
  5249 | D:4      | HP: 2/51 [ogre/+0 giant spiked club (15)]
  5910 | D:5      | Entered Level 5 of the Dungeon
  5917 | D:5      | Reached XP level 7. HP: 25/57 MP: 6/10
  6111 | D:5      | Reached skill level 6 in Transmutations
  6460 | D:5      | Reached skill level 5 in Unarmed Combat
  6575 | D:5      | Found an ornate altar of the Wu Jian Council.
  7017 | D:5      | Reached skill level 7 in Transmutations
  7412 | D:5      | Reached XP level 8. HP: 57/63 MP: 7/11
  8335 | D:6      | Found a staircase to the Ecumenical Temple.
  8404 | D:6      | Reached skill level 8 in Transmutations
  8407 | D:6      | Found a shimmering blue altar of Sif Muna.
  8534 | Temple   | Entered the Ecumenical Temple
  8738 | Temple   | Became a worshipper of Cheibriados the Contemplative
  9370 | D:6      | Noticed Pikel
  9377 | D:6      | HP: 1/63 [Pikel/+0 whip of electrocution (15)]
  9379 | D:6      | Slain by Pikel

Illustrated notes

Levels and vault maps discovered:
D:1:      dpeg_arrival_houses_and_road, layout_basic
D:2:      layout_basic, lemuel_round_altar, lemuel_doored_altar
D:3:      layout_basic, st_stairs_4, uniq_natasha
D:4:      layout_basic, vehumet_crystals
D:5:      layout_basic, kennysheep_mini_moat, serial_park_tiny_pond, st_stairs_7
D:6:      layout_cave_pods, lemuel_crystal_altar, kennysheep_little_box,
          minmay_temple_entry_mist, uniq_pikel
Temple:   nicolae_temple_hex_pool

Skill      XL: |  1  2  3  4  5  6  7  8 |
---------------+-------------------------+-----
Transmutations | 3 4 5 7 8 |  8.5
Poison Magic   | 1 2 3 |  3.0
Unarmed Combat | 4 5 6 |  6.4
Fighting       | |  1.0
Dodging        | |  1.5
Spellcasting   | |  2.0

Action                   |  1- 3 |  4- 6 |  7- 9 || total
-------------------------+-------+-------+-------++-------
Melee: Unarmed           |    93 |   161 |   177 ||   431
       Headbutt          |     8 |     4 |       ||    12
       Punch             |       |     1 |       ||     1
 Cast: Beastly Appendage |    22 |    12 |       ||    34
       Spider Form       |       |    15 |    26 ||    41
 Abil: Spit Poison       |    20 |     5 |       ||    25
  Use: Scroll            |       |    15 |     3 ||    18
       Potion            |       |     2 |     3 ||     5
 Stab: Sleeping          |       |     2 |     1 ||     3
Armor: Robe              |    35 |    24 |    15 ||    74
       Skin              |       |     5 |    10 ||    15
Dodge: Dodged            |    93 |    94 |   180 ||   367

Table legend: (Time is in decaauts)
 A = Elapsed time spent in this place.
 B = Non-inter-level travel time spent in this place.
 C = Inter-level travel time spent in this place.
 D = Time resting spent in this place.
 E = Time spent auto-exploring this place.
 F = Levels seen in this place.
 G = Mean time per level.
                   A        B        C        D        E       F      G
               +--------+--------+--------+--------+--------+-----+--------+
         Total |  10889 |  10625 |    264 |    823 |   8708 |   7 | 1555.6 |
       Dungeon |  10607 |  10409 |    198 |    823 |   8494 |   6 | 1767.8 |
        Temple |    281 |    216 |     65 |      0 |    214 |   1 |  281.0 |
               +--------+--------+--------+--------+--------+-----+--------+

Top non-repeatable levels by time:
     D:3: 2447 daAuts
     D:1: 1873 daAuts
     D:5: 1808 daAuts
     D:4: 1594 daAuts
     D:6: 1504 daAuts
     D:2: 1379 daAuts
  Temple: 281 daAuts
